AoeStats
← cipock

Arabia

506154541Analyzed
1v1 RM · 19d ago on Sep 12, 2026· 52m 19s· 2 players
Game mode
Random Map
Map size
Tiny (2 player)
Population
200
Speed
Normal
Resources
Standard
Victory
Conquest
Starting age
Dark Age
Ending age
Imperial Age
RankedLock teamsTeams togetherTeam positionsShared explorationLock speedFull tech treeHidden civsTurbo modeCheats
Victory
Defeat
🇷🇴 Huns · Romania
561
+20
🇹🇷 Turks · Türkiye
651
-20
Lightian
10:22 Feudal Age
11:51 Wheelbarrow
11:43 Double-Bit Axe
11:40 Horse Collar
17:35 Gold Mining
24:13 Castle Age
26:23 Bow Saw
29:33 Hand Cart
31:02 Gold Shaft Mining
30:39 Heavy Plow
33:15 Imperial Age
34:28 Fletching
34:40 Padded Archer Armor
38:40 Bodkin Arrow
38:51 Town Watch
41:51 Bracer
44:20 Town Patrol
44:06 Loom
45:04 Thumb Ring
46:40 Artillery
46:12 Sappers
cipock
11:26 Feudal Age
14:29 Bloodlines
17:59 Double-Bit Axe
24:33 Castle Age
22:42 Horse Collar
25:43 Scale Barding Armor
25:50 Forging
26:40 Bow Saw
26:50 Fervor
26:45 Husbandry
26:06 Light Cavalry
26:46 Gold Mining
28:35 Gold Shaft Mining
27:54 Stone Mining
29:51 Loom
31:59 Chain Barding Armor
36:20 Fletching
38:42 Wheelbarrow
39:51 Iron Casting
39:12 Bodkin Arrow
46:09 Imperial Age
47:13 Conscription
50:14 Cavalier
52:21 Hand Cart
52:07 Paladin
Connection lost

Rejoining the realm…

Still unreachable

The connection could not be restored.

Session expired

The server has moved on; the page needs a fresh start.